 Dungeon Crawl Stone Soup version 0.31.0-32-g396128a36d (webtiles) character file.

Game seed: 15869585241702391935

35 cdecastro the Grasshopper (level 3, -3/29 HPs)
             Began as an Armataur Warper on Mar 8, 2024.
             Was a Follower of Zin.
             Succumbed to Robin's poison
             ... on level 2 of the Dungeon.
             The game lasted 00:02:39 (1230 turns).

cdecastro the Grasshopper (Armataur Warper)         Turns: 1230, Time: 00:02:39

Health: -3/29      AC:  7    Str: 16    XL:     3   Next: 17%
Magic:  5/5        EV:  5    Int: 15    God:    Zin [*.....]
Gold:   61         SH:  0    Dex:  9    Spells: 1/5 levels left

rFire   + . .        a - +0 mace
rCold   + . .        (no shield)
rNeg    . . .        f - +0 chain mail
rPois   +            (no helmet)
rElec   +            (no cloak)
rCorr   +            (no gloves)
SInv    .            (no barding)
Will    .....        (no amulet) Stlth
                     (no ring)
HPRegen 0.24/turn    (no ring)
MPRegen 0.09/turn

%: roll
@: lethally poisoned (-3 -> -29), resistant, on recite cooldown
A: large, deformed body, tough skin 3, armoured tail, roll 1
a: Renounce Religion, Recite, Donate Gold


You were on level 2 of the Dungeon.
You worshipped Zin.
Zin was aware of your devotion.
You visited 1 branch of the dungeon, and saw 2 of its levels.

You collected 67 gold pieces.
You donated 6 gold pieces to Zin.

Inventory:

Hand Weapons
 a - a +0 mace (weapon)
Missiles
 d - 7 darts of dispersal
 k - 2 poisoned darts (quivered)
Armour
 b - a +0 leather armour
 f - a +0 chain mail (worn)
 j - a +0 ring mail
Jewellery
 i - a ring of flight
Scrolls
 c - a scroll of blinking
 e - a scroll of teleportation {unknown}
 l - a scroll of amnesia {unknown}
Potions
 h - a potion of might {unknown}


   Skills:
 - Level 1.7 Fighting
 * Level 2.9 Maces & Flails
 - Level 0.8 Throwing
 - Level 1.2 Armour
 - Level 1.3 Dodging
 - Level 1.7 Spellcasting
 + Level 3.4 Translocations


You had one spell level left.
You knew the following spells:

 Your Spells              Type           Power      Damage    Failure   Level
a - Blink                 Tloc           22%        N/A       75%         2
b - Lesser Beckoning      Tloc           22%        N/A       75%         2

Your spell library contained the following spells:

 Spells                   Type           Power      Damage    Failure   Level
 Teleport Other           Tloc           11%        N/A       92%         3
 Manifold Assault         Tloc           11%        N/A       100%        4
 Vhi's Electric Charge    Tloc/Air       12%        N/A       100%        4


Dungeon Overview and Level Annotations

Branches:
Dungeon (2/15)

Altars:
Zin

Shops:
D:1 =

Annotations:
D:2 Robin


Innate Abilities, Weirdness & Mutations

Armour fits poorly on your strangely shaped body.
You have extremely tough skin. (AC +3)
You have a long armoured tail.
You regenerate magic when rolling toward enemies. (Rampage MPRegen)


Message History

You hit Robin.
Robin is moderately wounded. "...number among the fetid masses?
Come before me, that..."
You hear a shout!
Robin hits you with a +1 dagger of venom.
You hear a shout!
You hit Robin but do no damage.
Robin is moderately wounded. "...I may purify you now for your contamination!'" You finish reciting Ablutions 9:55. "Written in blood; sealed by your death."
Robin hits you with a +1 dagger of venom.
You are poisoned.
Robin hits you with a +1 dagger of venom.
You are more poisoned.
You hit Robin. You tail-slap Robin, but do no damage.
Robin is severely wounded.
You feel very sick. Robin hits you but does no damage.
You closely miss Robin. You tail-slap Robin, but do no damage.
Robin is severely wounded.
You feel very sick.
Robin looks more healthy.
Robin hits you but does no damage.
You are more poisoned.
You hit Robin but do no damage.
Robin is severely wounded.
* * * LOW HITPOINT WARNING * * *
You feel very sick. Robin hits you but does no damage.
Robin hits you with a +1 dagger of venom.
* * * LOW HITPOINT WARNING * * *
You are more poisoned.
You hit Robin but do no damage.
Robin is severely wounded.
* * * LOW HITPOINT WARNING * * *
You feel very sick. Robin hits you but does no damage.
You are more poisoned.
It was a potion of resistance.
You feel protected.
You die...

#.####g# #.# #g#
#.# #.# #.# #g#
..# #g# ### #.#
#.#########
#.gg.gg...#######
#########g#@g(..#
#.#####.# #.# #.#
#######g# #.#
#...g.g.# #g#
#.###########g#
#g#### #.....#
#..g.# #g##..#
####.## #.#...#


You could see Robin.

Vanquished Creatures
  An adder (D:2)
  2 ball pythons
  An endoplasm (D:1)
  A giant cockroach (D:2)
  8 goblins (D:2)
  6 hobgoblins
  2 kobolds (D:1)
  A bat (D:2)
  A rat (D:1)
23 creatures vanquished.

Notes
Turn   | Place    | Note
-------+----------+-------------------------------------------
     0 | D:1      | cdecastro the Armataur Warper began the quest for the Orb.
     0 | D:1      | Reached XP level 1. HP: 17/17 MP: 3/3
   482 | D:1      | Found Sosaaff's Jewellery Shop.
   775 | D:1      | Reached XP level 2. HP: 22/24 MP: 4/4
   899 | D:1      | Learned a level 2 spell: Blink
   902 | D:1      | Learned a level 2 spell: Lesser Beckoning
   947 | D:2      | Noticed an eye of devastation
   948 | D:2      | Found a faded altar of an unknown god.
   995 | D:2      | Noticed a great orb of eyes
   995 | D:2      | Noticed a great orb of eyes
   995 | D:2      | Noticed a great orb of eyes
  1005 | D:2      | Prayed at the altar of an unknown god.
  1005 | D:2      | Became a worshipper of Zin the Law-Giver
  1005 | D:2      | Reached * piety under Zin
  1095 | D:2      | Noticed Robin
  1155 | D:2      | Reached XP level 3. HP: 25/29 MP: 5/5
  1230 | D:2      | Succumbed to Robin's poison

Illustrated notes

Levels and vault maps discovered:
D:1:      lightli_iron_boxes, layout_basic, serial_shops, shop, fountainhead
D:2:      layout_basic, basic_altar, hellmonk_ecumenical_altar_watching_god,
          pf_guarded_unrand_delatra, uniq_robin

Skill      XL: |  1 |
---------------+----+-----
Maces & Flails | 2 |  2.9
Fighting       | |  1.7
Throwing       | |  0.8
Armour         | |  1.2
Dodging        | |  1.3
Spellcasting   | |  1.7
Translocations | |  3.4

Action                     || total
---------------------------++-------
  Melee: Mace              ||    60
         Tailslap          ||     9
  Throw: Dart              ||     1
 Invoke: Recite            ||     1
    Use: Potion            ||     1
 Armour: Chain mail        ||    60
         Leather armour    ||     8
  Dodge: Dodged            ||    23
